 Dungeon Crawl Stone Soup version 0.22-a0-348-gd16d139 (webtiles) character file.

41995 Gildeon the Severer (level 13, -9/110 HPs)
             Began as a Minotaur Fighter on Apr 7, 2018.
             Was a High Priest of Sif Muna.
             Mangled by a torpor snail (10 damage)
             ... on level 6 of the Lair of Beasts.
             The game lasted 01:17:28 (17143 turns).

Gildeon the Severer (Minotaur Fighter)             Turns: 17143, Time: 01:17:29

Health: -9/110     AC: 26    Str: 23    XL:     13   Next: 83%
Magic:  29/29      EV: 10    Int: 10    God:    Sif Muna [*****.]
Gold:   708        SH:  0    Dex: 11    Spells: 16/22 levels left

rFire    . . .     SeeInvis .   z - +2 flail (protect)
rCold    . . .     Gourm    +   c - +0 shield
rNeg     . . .     Faith    .   B - +0 plate armour
rPois    .         Spirit   .   e - +3 hat of Pondering {ponderous, MR+ MP+10 Int+5}
rElec    .         Reflect  .   (no cloak)
rCorr    +         Harm     .   o - +0 pair of gloves
MR       +....                  l - +0 pair of boots
Stlth    ..........             y - amulet of the gourmand
HPRegen  0.68/turn              s - +4 ring of evasion
MPRegen  0.21/turn              D - ring of resist corrosion

@: sleeping, protection aura, very slightly contaminated, slowed, slow
A: retaliatory headbutt, fangs 1, horns 2, iridescent scales 1, dopey 1,
regeneration 1, no potion heal 1
a: Divine Energy, Channel Magic, Forget Spell, Renounce Religion


You were on level 6 of the Lair of Beasts.
You worshipped Sif Muna.
Sif Muna was extremely pleased with you.
You were completely stuffed.

You visited 2 branches of the dungeon, and saw 18 of its levels.

You collected 1268 gold pieces.
You spent 560 gold pieces at shops.

Inventory:

Hand Weapons
 a - a +2 war axe
 q - a +4 hand axe of electrocution
 u - a +3 war axe
 z - a +2 flail of protection (weapon)
Missiles
 m - a throwing net (quivered)
Armour
 c - a +0 shield (worn)
 e - the +3 hat of Pondering (worn) {ponderous, MR+ MP+10 Int+5}
   (You took it off Gastronok on level 8 of the Dungeon)

   It affects your intelligence (+5).
   It affects your resistance to hostile enchantments.
   It affects your magic capacity (+10).
 l - a +0 pair of boots (worn)
 o - a +0 pair of gloves (worn)
 B - a +0 plate armour (worn)
Jewellery
 i - an uncursed ring of protection from fire
 r - an uncursed ring of flight
 s - a +4 ring of evasion (left hand)
 w - an uncursed ring of positive energy
 x - an uncursed ring of protection from cold
 y - an amulet of the gourmand (around neck)
 A - an uncursed ring of fire
 D - a ring of resist corrosion (right hand)
 H - an uncursed ring of wizardry
 I - an uncursed ring of protection from magic
Wands
 g - a wand of random effects (22)
 h - a wand of acid (8)
 k - a wand of iceblast (16)
 v - a wand of digging (3)
 C - a wand of disintegration (21)
 J - a wand of flame (60)
Scrolls
 b - 4 scrolls of remove curse
 p - 6 scrolls of teleportation
 E - 3 scrolls of identify
 G - a scroll of fear
Potions
 d - 3 potions of magic
 j - a potion of heal wounds
 n - 9 potions of curing
 F - 2 potions of haste
 K - 2 potions of cancellation
 L - a potion of resistance
Comestibles
 f - 35 rations
 M - 24 chunks of flesh


   Skills:
 - Level 8.9 Fighting
 - Level 17.0 Axes
 - Level 5.0 Throwing
 - Level 5.3 Armour
 - Level 5.0 Dodging
 - Level 5.0 Shields
 - Level 5.0 Spellcasting
 - Level 5.0 Conjurations
 - Level 5.1 Hexes
 - Level 5.2 Fire Magic
 - Level 5.0 Invocations
 + Level 4.3 Evocations


You had 16 spell levels left.
You knew the following spells:

 Your Spells              Type           Power        Failure   Level  Hunger
a - Confusing Touch       Hex            ##....       86%         1    None
b - Corona                Hex            ##.....      86%         1    None
c - Flame Tongue          Conj/Fire      ##...        86%         1    None
d - Dazzling Spray        Conj/Hex       ##....       99%         3    ###....


Dungeon Overview and Level Annotations

Branches:
Dungeon (12/15)            Temple (0/1) D:4            Lair (6/6) D:11
  Swamp (0/4) Lair:4        Snake (0/4) Lair:3        Slime (0/5) Lair:5
    Orc (0/2) D:11

Altars:
Ashenzari
Cheibriados
Elyvilon
Kikubaaqudgha
Nemelex Xobeh
Okawaru
Sif Muna
Trog
Uskayaw

Shops:
D:7 :


Innate Abilities, Weirdness & Mutations

You reflexively headbutt those who attack you in melee.
You have a pair of horns on your head.
You have very sharp teeth.
You are partially covered in iridescent scales. (AC +2)
You are dopey. (Int -2)
Your natural rate of healing is unusually fast.
Potions are less effective at restoring your health.


Message History

* * * LOW HITPOINT WARNING * * *
You block the seven-headed hydra's attack.
You hit the seven-headed hydra.
Your weapon exudes an aura of protection.
You bite the seven-headed hydra.
The seven-headed hydra is moderately wounded.
The seven-headed hydra bites you!
* * * LOW HITPOINT WARNING * * *
You block the seven-headed hydra's attack.
The seven-headed hydra closely misses you.
You block the seven-headed hydra's attack.
The seven-headed hydra bites you.
* * * LOW HITPOINT WARNING * * *
The seven-headed hydra bites you.
* * * LOW HITPOINT WARNING * * *
The seven-headed hydra bites you but does no damage.
The dream sheep shakes its wool and sparkles.
You feel drowsy...
You fall asleep.
The torpor snail bites you!
You die...

#.......(..........
♣.......P.#P...P##
#.......Y#..P####
#........##.P##.#P...
#........# .........##
##.....YP# ......#...## ##
#........# ......#....##..
#.......#####...#...P##..#
#......YD@######.........#
#.......w#.#.#.##.........
+..........†..............
+.................†..#....
+....................#....
#....................##...
#.........##.P#P†....P##..
#.........#..##P.....#####
#........##P.....#...# ##


You could see a seven-headed hydra, a torpor snail and a dream sheep.

Vanquished Creatures
  Gastronok (D:8)
  4 hydras
  2 two-headed ogres
  3 death yaks
  Urug (D:11)
  Sonja (Lair:1)
  2 unseen horrors
  2 deep elf magi (D:8)
  An oklob plant (Lair:5)
  A cyclops (D:11)
  10 elephants
  5 black mambas
  7 spiny frogs
  6 komodo dragons
  A troll (D:11)
  22 blink frogs
  A hornet (D:9)
  9 hippogriffs
  A shadow (D:8)
  The ghost of matakusis the Caller, an amateur DESu (D:6)
  33 yaks
  2 wyverns
  3 wraiths
  A basilisk (Lair:5)
  Eustachio (D:5)
  2 hungry ghosts (D:8)
  Menkaure (D:4)
  4 swamp worms (Lair:4)
  An acid dragon (D:11)
  10 porcupines
  4 water moccasins
  Duvessa (D:5)
  3 orc warriors
  An ice beast (D:11)
  2 sky beasts
  A necrophage (D:8)
  3 phantoms
  8 ogres
  6 centaurs
  14 crocodiles
  2 big kobolds
  11 bullfrogs
  A wyvern skeleton (D:10)
  Dowan (D:5)
  5 scorpions
  13 wights
  An electric eel (Lair:3)
  13 howler monkeys
  A lava snake (Lair:3)
  5 crimson imps
  A quasit (D:5)
  3 bullfrog zombies
  3 jellies
  5 centaur skeletons
  3 orc priests
  5 hounds
  7 orc wizards
  Ijyb (D:4)
  9 hell rats
  11 worker ants
  2 iguanas
  3 worker ant zombies
  A gnoll (D:1)
  A howler monkey skeleton (D:5)
  8 adders
  4 river rats (Lair:1)
  6 shadow imps
  An ooze (D:6)
  An adder skeleton (D:4)
  3 worms
  3 dart slugs
  3 leopard geckos
  30 orcs
  7 giant cockroaches
  4 goblins
  6 hobgoblins
  16 jackals
  9 kobolds
  7 quokkas
  A ball python (D:3)
  7 bats
  A frilled lizard (D:5)
  A jackal zombie (D:5)
  A quokka skeleton (D:4)
  16 rats
  A fungus (Lair:4)
  3 plants
429 creatures vanquished.

Vanquished Creatures (others)
  2 bushes (D:11)
  16 fungi
  18 plants
36 creatures vanquished.

Grand Total: 465 creatures vanquished

Notes
Turn   | Place    | Note
-------+----------+-------------------------------------------
     0 | D:1      | Gildeon the Minotaur Fighter began the quest for the Orb.
     0 | D:1      | Reached XP level 1. HP: 19/19 MP: 0/0
    74 | D:1      | Reached skill level 3 in Axes
   221 | D:1      | Reached XP level 2. HP: 26/26 MP: 1/1
   539 | D:1      | Reached skill level 4 in Axes
  1133 | D:2      | Reached XP level 3. HP: 31/31 MP: 2/2
  1801 | D:2      | Found an ancient bone altar of Kikubaaqudgha.
  1884 | D:2      | Found an iron altar of Okawaru.
  1888 | D:2      | Found a deep blue altar of Sif Muna.
  1893 | D:2      | Became a worshipper of Sif Muna the Loreminder
  1922 | D:2      | Reached skill level 5 in Axes
  1922 | D:2      | Reached XP level 4. HP: 39/39 MP: 3/3
  2316 | D:4      | Noticed Menkaure
  2321 | D:4      | Killed Menkaure
  2321 | D:4      | Reached skill level 7 in Axes
  2321 | D:4      | Reached XP level 5. HP: 33/45 MP: 4/4
  2322 | D:4      | Noticed Ijyb
  2329 | D:4      | Killed Ijyb
  2724 | D:4      | Reached XP level 6. HP: 51/51 MP: 5/5
  2779 | D:4      | Reached skill level 8 in Axes
  2800 | D:5      | Entered Level 5 of the Dungeon
  2935 | D:4      | Reached skill level 9 in Axes
  2983 | D:4      | Found a staircase to the Ecumenical Temple.
  3086 | D:4      | Reached XP level 7. HP: 42/57 MP: 6/6
  3274 | D:4      | Gained mutation: Your muscles are strong. (Str +2) [potion of mutation]
  3274 | D:4      | Gained mutation: Your flesh is cold resistant. (rC+) [potion of mutation]
  3571 | D:5      | Reached skill level 10 in Axes
  3649 | D:5      | Noticed Eustachio
  3668 | D:5      | Killed Eustachio
  3686 | D:5      | Reached skill level 11 in Axes
  3791 | D:5      | Reached XP level 8. HP: 37/64 MP: 7/7
  3998 | D:5      | Noticed Duvessa
  4000 | D:5      | Noticed Dowan
  4002 | D:5      | Killed Duvessa
  4014 | D:5      | Killed Dowan
  4020 | D:5      | Reached skill level 12 in Axes
  4438 | D:6      | Noticed matakusis's ghost (amateur DESu)
  4441 | D:6      | Killed matakusis's ghost
  4480 | D:7      | Found an ancient bone altar of Kikubaaqudgha.
  4506 | D:6      | Lost mutation: Your flesh is cold resistant. (rC+) [potion of mutation]
  4506 | D:6      | Lost mutation: Your muscles are strong. (Str +2) [potion of mutation]
  4506 | D:6      | Gained mutation: Your spells are a little easier to cast, but a little less powerful. [potion of mutation]
  4506 | D:6      | Gained mutation: You are robust. (+10% HP) [potion of mutation]
  4506 | D:6      | Gained mutation: You are surrounded by a mild repulsion field. (EV +2) [potion of mutation]
  4506 | D:6      | Gained mutation: You expend magic power (3 MP) to strengthen your wands. [potion of mutation]
  4620 | D:6      | Reached skill level 13 in Axes
  4742 | D:6      | Found a shattered altar of Ashenzari.
  4788 | D:6      | Reached XP level 9. HP: 75/77 MP: 8/8
  4867 | D:6      | Reached * piety under Sif Muna
  5078 | D:6      | Found a bloodstained altar of Trog.
  5103 | D:6      | Reached skill level 14 in Axes
  6001 | D:7      | Found Myco's Book Shoppe.
  6110 | D:7      | Reached skill level 15 in Axes
  6402 | D:7      | Found a sparkling altar of Nemelex Xobeh.
  6729 | D:7      | You fall through a shaft!
  6738 | D:8      | Noticed a deep elf mage
  6745 | D:8      | Noticed a deep elf mage
  6747 | D:8      | Noticed a two-headed ogre
  6751 | D:8      | Killed a deep elf mage
  6751 | D:8      | Reached skill level 16 in Axes
  6759 | D:8      | Killed a two-headed ogre
  6759 | D:8      | Reached XP level 10. HP: 42/84 MP: 9/9
  6778 | D:8      | Killed a deep elf mage
  6798 | D:8      | Reached skill level 17 in Axes
  6888 | D:8      | Identified the Guide on Heat and Arcane Weapons
  7333 | D:8      | Noticed Gastronok
  7348 | D:8      | Reached skill level 5 in Fighting
  7350 | D:8      | Killed Gastronok
  8079 | D:10     | Entered Level 10 of the Dungeon
  8089 | D:9      | Reached skill level 5 in Armour
  8089 | D:9      | Reached XP level 11. HP: 99/104 MP: 10/10
  8131 | D:9      | Reached skill level 1 in Dodging
  8419 | D:9      | Found a hide-covered altar of Uskayaw.
  8491 | D:9      | Noticed a two-headed ogre
  8502 | D:9      | Killed a two-headed ogre
  8525 | D:9      | Found a snail-covered altar of Cheibriados.
  8673 | D:9      | Killed an unseen horror
  8673 | D:9      | Reached skill level 5 in Dodging
  9414 | D:10     | Reached skill level 5 in Shields
  9433 | D:10     | Learned a level 3 spell: Dazzling Spray
  9470 | D:10     | Reached skill level 1 in Throwing
  9662 | D:7      | Bought a book of Flames for 560 gold pieces
  9664 | D:7      | Learned a level 1 spell: Flame Tongue
  9699 | D:9      | 9
 10109 | D:11     | Noticed Urug
 10124 | D:11     | Killed Urug
 10137 | D:11     | Found a staircase to the Orcish Mines.
 10156 | D:11     | Reached skill level 5 in Throwing
 10168 | D:11     | Reached ** piety under Sif Muna
 10168 | D:11     | Reached skill level 1 in Spellcasting
 10274 | D:11     | Found a staircase to the Lair.
 10547 | D:11     | Killed an unseen horror
 10587 | D:11     | Reached *** piety under Sif Muna
 10587 | D:11     | Reached XP level 12. HP: 57/113 MP: 17/17
 11176 | Lair:1   | Entered Level 1 of the Lair of Beasts
 11206 | Lair:1   | Noticed Sonja
 11209 | Lair:1   | Killed Sonja
 11209 | Lair:1   | Reached skill level 5 in Spellcasting
 11224 | Lair:1   | Reached skill level 1 in Conjurations
 11522 | Lair:1   | Learned a level 1 spell: Confusing Touch
 11626 | Lair:1   | Lost mutation: You expend magic power (3 MP) to strengthen your wands. [potion of mutation]
 11626 | Lair:1   | Lost mutation: You are robust. (+10% HP) [potion of mutation]
 11626 | Lair:1   | Lost mutation: Your spells are a little easier to cast, but a little less powerful. [potion of mutation]
 11626 | Lair:1   | Gained mutation: You have large cloven feet. [potion of mutation]
 12168 | Lair:2   | Learned a level 1 spell: Corona
 12215 | Lair:2   | Reached **** piety under Sif Muna
 12441 | Lair:3   | Noticed a death yak
 12441 | Lair:3   | Noticed a death yak
 12441 | Lair:3   | Noticed a death yak
 12475 | Lair:2   | Reached skill level 5 in Conjurations
 12515 | Lair:2   | Reached skill level 1 in Fire Magic
 12940 | Lair:2   | Lost mutation: You have large cloven feet. [potion of mutation]
 12940 | Lair:2   | Lost mutation: You are surrounded by a mild repulsion field. (EV +2) [potion of mutation]
 12940 | Lair:2   | Gained mutation: You are weak. (Str -2) [potion of mutation]
 12940 | Lair:2   | Gained mutation: You have very sharp teeth. [potion of mutation]
 12947 | Lair:3   | Noticed a four-headed hydra
 13062 | Lair:2   | You fall through a shaft!
 13077 | Lair:2   | Killed a death yak
 13453 | Lair:3   | Killed a death yak
 13465 | Lair:3   | Killed a death yak
 13750 | Lair:3   | Found a staircase to the Snake Pit.
 13777 | Lair:3   | Noticed a five-headed hydra
 13792 | Lair:3   | Killed a five-headed hydra
 13792 | Lair:3   | Reached skill level 5 in Fire Magic
 13920 | Lair:3   | Reached ***** piety under Sif Muna
 13920 | Lair:3   | Reached skill level 1 in Hexes
 13920 | Lair:3   | Reached XP level 13. HP: 89/110 MP: 19/19
 14009 | Lair:3   | Received a gift from Sif Muna
 14953 | Lair:5   | Found a white marble altar of Elyvilon.
 14974 | Lair:4   | Found a staircase to the Swamp.
 15600 | Lair:4   | Reached skill level 5 in Hexes
 15987 | Lair:5   | Reached skill level 1 in Invocations
 16080 | Lair:5   | Lost mutation: You are weak. (Str -2) [potion of mutation]
 16080 | Lair:5   | Gained mutation: Potions are less effective at restoring your health. [potion of mutation]
 16080 | Lair:5   | Gained mutation: You are partially covered in iridescent scales. (AC +2) [potion of mutation]
 16080 | Lair:5   | Gained mutation: You are dopey. (Int -2) [potion of mutation]
 16080 | Lair:5   | Gained mutation: Your natural rate of healing is unusually fast. [potion of mutation]
 16085 | Lair:6   | Entered Level 6 of the Lair of Beasts
 16497 | Lair:5   | Found a staircase to the Slime Pits.
 16933 | Lair:6   | Reached skill level 5 in Invocations
 16992 | Lair:6   | Reached skill level 1 in Evocations
 17137 | Lair:6   | HP: 1/110 [seven-headed hydra (9)]
 17143 | Lair:6   | HP: 3/110 [seven-headed hydra (4)]
 17143 | Lair:6   | HP: 1/110 [seven-headed hydra (2)]
 17143 | Lair:6   | Mangled by a torpor snail

Vault maps used:
D:1:      lemuel_arrival_muddy
D:2:      lemuel_crystal_altar, minitemple
D:3:      first_ration
D:4:      minmay_temple_entry_purple_smoke, roderic_serpentine_path, uniq_ijyb,
          uniq_menkaure
D:5:      uniq_eustachio, uniq_duvessa
D:6:      evilmike_ruin_ashenzari, trog_three_pillars_becter
D:7:      basic_altar, serial_shops, shop_fountains, nemelex_spade_bored_becter
D:8:      minmay_the_grid_square_5x5_3x3, uniq_gastronok
D:9:      kennysheep_little_box, nicolae_overflow_hidden_temple
D:11:     minmay_lair_entry_grove, uniq_urug
D:12:     cheibrodos_shockbox, hangedman_pestilent_swarm
Lair:1:   grunt_forest_small_clearings, kennysheep_abandoned_house,
          grunt_megastairs_3, uniq_sonja
Lair:2:   beast_lair_carwin_2, serial_bayou_shore_b
Lair:3:   guppyfry_snake_entry_island, serial_bayou_pond_d, st_stairs_6,
          wad_woods_road_05
Lair:4:   minmay_swamp_entry_worms
Lair:5:   slime_dummy, lemuel_oklob_altar
Lair:6:   due_jungle_book, serial_bayou_shore_b, grunt_megastairs_2

Skill      XL: |  1  2  3  4  5  6  7  8  9 10 11 12 13 |
---------------+----------------------------------------+-----
Axes           | 3 4 5 7 9 11 13 16 17 | 17.0
Fighting       | 8 |  8.9
Armour         | 5 |  5.3
Dodging        | 5 |  5.0
Shields        | 5 |  5.0
Throwing       | 5 |  5.0
Spellcasting   | 4 5 |  5.0
Conjurations   | 5 |  5.0
Fire Magic     | 5 |  5.2
Hexes          | 1 5 |  5.1
Invocations    | 5 |  5.0
Evocations     | 4 |  4.3

Action                   |  1- 3 |  4- 6 |  7- 9 | 10-12 | 13-15 || total
-------------------------+-------+-------+-------+-------+-------++-------
Melee: War axe           |    46 |       |    97 |       |       ||   143
       Headbutt          |     9 |    19 |    38 |   121 |    87 ||   274
       Hand axe          |    10 |    99 |   132 |   564 |   242 ||  1047
       Flail             |       |       |       |    11 |    70 ||    81
       Bite              |       |       |       |     9 |    41 ||    50
Throw: Throwing net      |       |     1 |       |     2 |     1 ||     4
Evoke: Wand              |       |       |    17 |    36 |    28 ||    81
  Use: Scroll            |     6 |    10 |     9 |    11 |     2 ||    38
       Potion            |       |     1 |     7 |     7 |    10 ||    25
 Stab: Held in net/web   |       |       |       |     1 |       ||     1
       Paralysed         |       |       |       |     1 |       ||     1
       Invisible         |       |       |       |       |     2 ||     2
  Eat: Ration            |     1 |       |     2 |       |       ||     3
       Chunk             |       |     3 |    10 |    34 |    11 ||    58
Armor: Scale mail        |    38 |    41 |    35 |       |       ||   114
       Chain mail        |       |       |     6 |     6 |       ||    12
       Plate armour      |       |       |       |   249 |   175 ||   424
Dodge: Dodged            |    18 |    22 |    55 |   165 |   138 ||   398
Block: Shield            |    26 |    64 |    83 |   218 |   157 ||   548

Table legend:
 A = Spawn XP
 B = Non-spawn XP
 C = Spawn XP percentage of total XP
 D = Spawn monster count
 E = Non-spawn monster count
 F = Spawn count percentage of total count
 G = Total turns spent on level
                    A         B        C        D         E        F      G
               +---------+---------+-------+---------+---------+-------+---------
         Total |       0 |   59993 |   0.0 |       0 |     425 |   0.0 | 17143
               +---------+---------+-------+---------+---------+-------+---------
           D:1 |       0 |      32 |   0.0 |       0 |      11 |   0.0 |  1042
           D:2 |       0 |      88 |   0.0 |       0 |      15 |   0.0 |   905
           D:3 |       0 |      37 |   0.0 |       0 |      19 |   0.0 |   739
           D:4 |       0 |     664 |   0.0 |       0 |      25 |   0.0 |   783
           D:5 |       0 |    1105 |   0.0 |       0 |      30 |   0.0 |   965
           D:6 |       0 |    1514 |   0.0 |       0 |      27 |   0.0 |  1164
           D:7 |       0 |    1139 |   0.0 |       0 |      24 |   0.0 |  1228
           D:8 |       0 |    6258 |   0.0 |       0 |      39 |   0.0 |  1298
           D:9 |       0 |    3030 |   0.0 |       0 |      26 |   0.0 |  1385
          D:10 |       0 |    2003 |   0.0 |       0 |      25 |   0.0 |   518
          D:11 |       0 |    7071 |   0.0 |       0 |      41 |   0.0 |  1143
        Lair:1 |       0 |    5191 |   0.0 |       0 |      35 |   0.0 |   979
        Lair:2 |       0 |    5830 |   0.0 |       0 |      23 |   0.0 |  1283
        Lair:3 |       0 |    8588 |   0.0 |       0 |      24 |   0.0 |  1424
        Lair:4 |       0 |    6829 |   0.0 |       0 |      24 |   0.0 |  1069
        Lair:5 |       0 |    3355 |   0.0 |       0 |       9 |   0.0 |   802
        Lair:6 |       0 |    7259 |   0.0 |       0 |      28 |   0.0 |   410
               +---------+---------+-------+---------+---------+-------+---------
